Cogmind - Beta 13 @@@ ROGUE MODE // 2024.05.29 @ 22:25:53 Player: COGMINDER69 Result: Destroyed by as-85191 with Assembled Blade Performance ------------- Evolutions (0) 0 Regions Visited (2) 400 Robots Destroyed (45) 225 Value Destroyed (777) 777 Prototype IDs (0) 0 Alien Tech Used (0) 0 Bonus (0) 0 TOTAL SCORE: 1402 Bonus ------- None Cogmind --------- Core Integrity 0/250 Matter 280/300 Energy 265/265 System Corruption 2% Temperature Cool (33) Movement Treading (320) Ox2 Location -10/Mines Parts ------- > --- POWER (1) -------- Improved Ion Engine > --- PROPULSION (2) --- Light Treads Light Treads > --- UTILITY (2) ------ Huge Storage Unit Medium Armor Plating > --- WEAPON (2) ------- Light Assault Rifle Heavy Assault Rifle > --- INVENTORY (25) --- Light Treads Light Treads Light Treads Light Treads Flight Unit Flight Unit Flight Unit Flight Unit Signal Interpreter Improved Terrain Scanner Targeting Computer Targeting Computer Targeting Computer Targeting Computer Targeting Computer Core Shielding Light Armor Plating Medium Armor Plating Medium Armor Plating Datajack Peak State ------------ > --- POWER ------------ Improved Ion Engine > --- PROPULSION ------- Light Treads Light Treads > --- UTILITY ---------- Huge Storage Unit Medium Armor Plating > --- WEAPON ----------- Light Assault Rifle Heavy Assault Rifle > --- INVENTORY -------- Ion Engine Light Treads Light Treads Light Treads Light Treads Flight Unit Flight Unit Flight Unit Flight Unit Signal Interpreter Improved Terrain Scanner Targeting Computer Core Shielding Light Armor Plating Medium Armor Plating Medium Armor Plating Datajack [Rating: 12] Favorites ----------- Power Light Ion Engine Engine Light Ion Engine Propulsion Light Treads Treads Light Treads Utility Huge Storage Unit Storage Huge Storage Unit Protection Medium Armor Plating Weapon Light Assault Rifle Energy Gun Small Laser Ballistic Gun Light Assault Rifle Launcher Grenade Launcher Build | -11 -10 -10 ------- Run | Yrd Mat Min Slots Evolved . | . . . Power . | . . . Propulsion . | . . . Utility . | . . . Weapon . | . . . Parts Attached 29 | 6 17 6 Power 4 | 1 2 1 Engine 4 | 1 2 1 Core . | . . . Reactor . | . . . Propulsion 8 | 2 4 2 Treads 8 | 2 4 2 Leg . | . . . Wheel . | . . . Hover . | . . . Flight . | . . . Utility 9 | 1 7 1 Device . | . . . Storage 5 | 1 4 . Processor . | . . . Hackware . | . . . Protection 4 | . 3 1 Artifact . | . . . Weapon 8 | 2 4 2 Energy Gun 1 | . 1 . Energy Cannon . | . . . Ballistic Gun 5 | 2 1 2 Ballistic Cannon . | . . . Launcher 2 | . 2 . Special Weapon . | . . . Impact Weapon . | . . . Slashing Weapon . | . . . Piercing Weapon . | . . . Special Melee Weapon . | . . . Unidentified Prototypes . | . . . Parts Lost 5 | . 4 1 Power 2 | . 2 . Propulsion . | . . . Utility 1 | . . 1 Weapon 2 | . 2 . Highest Loss Streak 2 | . 2 1 To Critical Strikes . | . . . Average Slot Usage (%) 98 | . 97 100 Engine 13 | . 13 14 Treads 28 | . 28 28 Storage 14 | . 14 14 Protection 13 | . 12 14 Energy Gun 3 | . 2 3 Ballistic Gun 17 | . 14 24 Launcher 6 | . 10 . Naked Turns . | . . . Heaviest Build 98 | 11 94 98 Greatest Support 40 | 40 40 40 Greatest Overweight (x) 2 | . 2 2 Average Overweight (x) 1 | . 1 2 Largest Inventory Capacity 25 | 8 25 25 Average Capacity 23 | 6 23 25 Most Carried 21 | 1 12 21 Average Carried 9 | . 6 15 Final Capacity 25 | 8 25 25 Final Carried 20 | 1 12 20 Class Distribution -------------------- 92% | Mutant 7% | Scavenger-Mutant Dominant Class ---------------- Mutant | -10/Materials Mutant | -10/Mines Resources | -11 -10 -10 ----------- Run | Yrd Mat Min Matter Collected 886 | 248 487 151 Remotely . | . . . Salvage Created 915 | . 670 245 Parts 72 | . 49 23 Haulers Intercepted 2 | . 2 . Recyclers Shooed 3 | . 2 1 Parts Field Recycled . | . . . Retrieved Matter . | . . . Parts Self-Destructed . | . . . Prevented . | . . . Kills | -11 -10 -10 ------- Run | Yrd Mat Min Combat Hostiles Destroyed 24 | . 18 6 Melee 1 | . 1 . Guns 12 | . 6 6 AOE 11 | . 11 . Classes Destroyed 10 | . 8 2 Worker 9 | . 6 3 Builder 5 | . 5 . Tunneler 2 | . 1 1 Hauler 2 | . 2 . Operator 2 | . 2 . Watcher 2 | . 2 . Swarmer 9 | . 6 3 Grunt 12 | . 12 . Sentry 2 | . . 2 Assembled 1 | . . 1 Best Kill Streak 7 | . 7 6 Combat Bots Only 5 | . 5 3 Max Kills in Single Turn 2 | . 2 1 Gunslinging . | . . . Exploded 2 | . 2 . Melee 1 | . 1 . Uniques/NPCs Destroyed . | . . . Combat | -11 -10 -10 -------- Run | Yrd Mat Min Hostile Shots Fired 194 | . 123 71 Missed 50 | . 32 18 Damage Taken 1735 | . 1013 722 Core 278 | . 137 141 Absorbed by Shields . | . . . Redirected to Shielding 16 | . 16 . Regen/Repaired (Parts) 49 | . 49 . Core Remaining (%) 100 | 100 . . Volleys Fired 146 | . 116 30 Largest 2 | . 2 2 Hottest 60 | . 60 60 Shots Fired 221 | . 159 62 Gun 185 | . 123 62 Cannon . | . . . Launcher 36 | . 36 . Special . | . . . Kinetic 164 | . 116 48 Thermal 21 | . 7 14 Explosive 36 | . 36 . Electromagnetic . | . . . Robot Hit Streak 13 | . 13 10 Robot Miss Streak 11 | . 11 3 Penetration Max . | . . . Secondary Targets 2 | . . 2 Max Gunslinging Chain 1 | . . 1 Shots Hit Robots 132 | . 89 43 Core Hits 75 | . 56 19 Critical Kills . | . . . Critical Parts Destroyed 1 | . 1 . Critical Strikes 1 | . 1 . Destroy 1 | . 1 . Melee Attacks . | . . . Impact . | . . . Slashing . | . . . Piercing . | . . . Sneak Attacks . | . . . Combat Hostiles . | . . . Follow-up Attacks . | . . . Damage Inflicted 2836 | . 2405 431 Guns 1224 | . 808 416 Cannons . | . . . Explosions 1590 | . 1590 . Melee . | . . . Ramming 22 | . 7 15 Kinetic 1062 | . 768 294 Thermal 162 | . 40 122 Explosive 1590 | . 1590 . Electromagnetic . | . . . Impact . | . . . Slashing . | . . . Piercing . | . . . Highest Corruption 2 | . 2 2 Average Corruption 2 | . 2 2 Corruption Purged . | . . . Corruption Blocked . | . . . Effects 35 | . 9 26 Message Errors 9 | . 2 7 Matter Fused 7 | . 2 5 Heat Flow Errors 4 | . 2 2 Energy Discharges 3 | . 1 2 Data Loss (minor) 6 | . 1 5 Data Loss (major) 3 | . . 3 Misfires 3 | . 1 2 Overload Shots . | . . . Overflow Damage 46 | . 46 . Projectiles . | . . . Explosions 46 | . 46 . Melee . | . . . Knockbacks . | . . . Impact . | . . . Kinetic . | . . . Secondary . | . . . Self-Inflicted Damage 45 | . 45 . Shots 2 | . 2 . Rammed 4 | . 2 2 Targets Rammed 5 | . 3 2 Kicked . | . . . Crushed 1 | . 1 . Highest Temperature 239 | . 239 223 Average Temperature 54 | . 63 47 Received Heat Transfer 628 | . 453 175 Siege Activations . | . . . Robots Corrupted . | . . . Combat Hostiles . | . . . Parts Fried . | . . . Impact Corruptions . | . . . Robots Melted . | . . . Combat Hostiles . | . . . Parts Melted . | . . . Heat Transferred 375 | . 100 275 Parts Sabotaged . | . . . Parts Stolen . | . . . Parts Stripped . | . . . Power Chain Reactions . | . . . Alert | -11 -10 -10 ------- Run | Yrd Mat Min Peak Influence 337 | . 337 162 Initial 72 | . . 72 Average 142 | . 210 23 Maximum Alert Level 1 | . 1 . Low Security (%) 64 | 100 44 100 Level 1 35 | . 55 . Level 2 . | . . . Level 3 . | . . . Level 4 . | . . . Level 5 . | . . . High Security . | . . . Max Security . | . . . Squads Dispatched 6 | . 6 . Investigation 3 | . 3 . Extermination . | . . . Reinforcement 3 | . 3 . Assault . | . . . Garrison . | . . . Intercept . | . . . Searches Triggered . | . . . Construction Impeded . | . . . Haulers Reinforced . | . . . Active Scanning Responses . | . . . Cargo Convoy Interrupts . | . . . Stealth | -11 -10 -10 --------- Run | Yrd Mat Min Distress Signals . | . . . Communications Jammed . | . . . Distress Signals . | . . . Times Spotted 50 | . 33 17 Peak Tracking Total 16 | . 5 16 Tactical Retreats . | . . . Traps | -11 -10 -10 ------- Run | Yrd Mat Min Traps Triggered 3 | . 3 . Indirectly . | . . . Trap Hack Attempts . | . . . Triggered . | . . . Disarmed . | . . . Reprogrammed . | . . . Reused . | . . . Traps Extracted . | . . . Installed . | . . . Triggered . | . . . Machines | -11 -10 -10 ---------- Run | Yrd Mat Min Machines Disabled 6 | . 6 . Max in Single Turn 2 | . 2 . Machines Repaired . | . . . Machines Dismantled . | . . . Machines Sabotaged . | . . . Overloaded Fab Kills . | . . . Hacking | -11 -10 -10 --------- Run | Yrd Mat Min Machines Accessed 3 | . 3 . Terminals 1 | . 1 . Fabricators . | . . . Repair Stations 1 | . 1 . Recycling Units 1 | . 1 . Scanalyzers . | . . . Garrison Access . | . . . Total Hacks 10 | . 10 . Successful 7 | . 7 . Failed 3 | . 3 . Catastrophic . | . . . Database Lockouts . | . . . Manual . | . . . Terminals 2 | . 2 . Fabricators . | . . . Repair Stations 5 | . 5 . Recycling Units 3 | . 3 . Scanalyzers . | . . . Garrison Access . | . . . Terminal Hacks . | . . . Fabricator Hacks . | . . . Repair Station Hacks 4 | . 4 . Scan Component 3 | . 3 . Repair 1 | . 1 . Recycling Unit Hacks 3 | . 3 . Process 1 | . 1 . Report Inventory 1 | . 1 . Retrieve Matter 1 | . 1 . Scanalyzer . | . . . Garrison Access Hacks . | . . . Unauthorized Hacks . | . . . Terminals . | . . . Fabricators . | . . . Repair Stations . | . . . Recycling Units . | . . . Scanalyzers . | . . . Garrison Access . | . . . Data Cores Recovered . | . . . Used . | . . . Hacking Detections 2 | . 2 . Full Trace Events 1 | . 1 . Feedback Events . | . . . Feedback Blocked . | . . . Robot Schematics Acquired . | . . . Robots Built . | . . . Authchips . | . . . Time . | . . . Total Robot Build Rating . | . . . Part Schematics Acquired . | . . . Parts Built . | . . . Authchips . | . . . Time . | . . . Total Part Build Rating . | . . . Parts Repaired 1 | . 1 . Time 26 | . 26 . Parts Recycled . | . . . Recycled Matter 218 | . 218 . Retrieved Matter 283 | . 283 . Retrieved Components . | . . . Parts Scanalyzed . | . . . Part Schematics Acquired . | . . . Parts Damaged . | . . . Bothacking | -11 -10 -10 ------------ Run | Yrd Mat Min Used RIF Installer . | . . . Robots Hacked . | . . . Non-combat . | . . . Combat . | . . . Robot Hacks Applied . | . . . Relay Couplers Released . | . . . Fabnet Peak Effective % . | . . . Robots Rewired . | . . . Allies Hacked . | . . . Hacks Repelled . | . . . Allies | -11 -10 -10 -------- Run | Yrd Mat Min Total Allies . | . . . Largest Group . | . . . Highest-Rated Group . | . . . Highest-Rated Ally . | . . . Total Orders . | . . . Ally Attacks . | . . . Total Damage . | . . . Kills . | . . . Allies Corrupted . | . . . Allies Melted . | . . . Intel | -11 -10 -10 ------- Run | Yrd Mat Min Robot Analysis Total . | . . . Derelict Logs Recovered 1 | . . 1 Drone Launches . | . . . Drone Recoveries . | . . . Exploration | -11 -10 -10 ------------- Run | Yrd Mat Min Turns Passed 4381 | 80 2783 1518 Spaces Moved 1306 | 45 820 441 Core 1 | 1 . . Treads 1305 | 44 820 441 Legs . | . . . Wheels . | . . . Hover . | . . . Flight . | . . . Fastest Speed 50 | 50 160 320 Average Speed 300 | 157 297 320 Slowest Speed 320 | 160 320 320 Overloaded Moves . | . . . Propulsion Burnouts . | . . . Robots Hopped . | . . . Cave-ins Triggered . | . . . Exploration Rate (%) 56 | 5 91 73 Regions Visited 2 Branch Regions 1 Pre-discovered Areas 1 | . . 1 Known Exits Taken . | . . . Unknown Exits Taken 2 | 1 1 . Scrap Searched . | . . . Spaces Dug . | . . . Terrain Destroyed 156 | . 156 . Melee . | . . . Projectile . | . . . AOE 156 | . 156 . Terrain Rammed . | . . . Walls Destroyed . | . . . Machines Disabled . | . . . Actions | -11 -10 -10 --------- Run | Yrd Mat Min Total 1547 | 52 1002 493 Wait 32 | . 32 . Move 1304 | 44 819 441 Hop . | . . . Pick Up 19 | 2 8 9 Fast Attach 14 | 5 8 1 Attach 4 | 1 2 1 Detach 2 | . 2 . Swap 11 | . 7 4 Drop 10 | . 5 5 Fire 146 | . 116 30 Melee . | . . . Ram . | . . . Kick . | . . . Crush 5 | . 3 2 Escape Stasis . | . . . Rewire . | . . . Trap . | . . . Miscellaneous . | . . . Route ------- -11/Scrapyard -10/Materials (discovered 6 exits: [*Mat x3] / [*Min x2] / [*Sub]) -10/Mines (discovered 1 exit: [*Mat]) History --------- Turn | Location | Event 7 | -11/Scrapyard | Discovered new exit (range 15) 81 | -11/Scrapyard | Entered Materials 294 | -10/Materials | Discovered new exit (range 15) 313 | -10/Materials | Build established: Mutant 650 | -10/Materials | Discovered new exit (range 16) 1205 | -10/Materials | Repaired Grenade Launcher 1355 | -10/Materials | Discovered new exit (range 15) 1864 | -10/Materials | Discovered new exit (range 9) 2034 | -10/Materials | Discovered new exit (range 8) 2282 | -10/Materials | Core integrity fell below 50% 2386 | -10/Materials | Discovered new exit (range 14) 2864 | -10/Materials | Entered Mines 2911 | -10/Mines | Met a Derelict bent on vengeance 3441 | -10/Mines | Learned location of Storage (-7) 3639 | -10/Mines | Discovered new exit (range 12) 4058 | -10/Mines | Core integrity fell below 20% 4360 | -10/Mines | Assembled infested the area 4371 | -10/Mines | Build established: Scavenger-Mutant 4382 | -10/Mines | Destroyed by as-85191 with Assembled Blade Last Messages --------------- lost. Acquired 51 matter. Acquired 10 matter. System corrupted: Matter fused (-6). Dropped Lgt. Assault Rifle. Dropped Ion Engine. Acquired Targeting Computer. Acquired 26 matter. System corrupted: Heat flow error (+113). Acquired Sml. Laser. Acquired Targeting Computer. Dropped Sml. Laser. System corrupted: Component data lost. %LI SX6ONKTAIPHDOR V0ZJ|WJS=A3CVNB4 AGG4 ALERT: Infestation in the mines, dispatching Demolisher response squad. as-43191 destroyed. as-64666 sneak attacks. T-07 Excavator destroyed. System corrupted: Matter fused (-8). Map ----- +----------------------------------------------------+ | ???????????????# ##### #?????????????## | | ???????????????# #???# #??????????????# | | ?############### ##??## #####??????????????# | | ##[ ## #???# ########???????????## | | #"! [# #???# #????????????## | | # [%[+= ############ #?????????????## | | #%![!+ #??????# #????#######???# ## | | #" |*# ### #??????# #???## ##### #? | | ##[ ## #????####### ##### #? | | ?#### ### ## #? | | ????############# ## ########### #######? | | ????????????????# ###### #?????????# ###??????? | | ????????????????# #????# #????????# ##??####??? | | ????????????????# #??### #????????# #??## ###? | | ????????????????# ##?# #????????## ##??# ## | | ???????????????## ### ###?????????####???# # | | ???????????????# #??????????????????# | | ???????????????# ## #???????????????????# | | ??????????????## ## #???????????????????# | | ?????????????## ## #?????????????#####??# | | ?????????????# # #######???????# #### # | | ?????????????# #??????## ## ## | | ?????????????## ####### #??????# ##? | | ??????????????## ##?????# #??????# #?# | | ???????????????######?######a######## #?# | | ??????????????????????# a@aaa r r ##?# | | ??????????????????????# aaa* # ###??# | | ??????????????????????#a################ ###????# | | ?????????????????######a#??????????????# #??????? | | ?????????????????# #???????????#### #??????? | | ?????????????????# #???????????# # ####???? | | ?????????????????# #####???????????# ##??? | | ?????????????????# ?????????????????# ##?? | | ?????????????????#??????????????????## #?? | | ?????????????????????????????????????## ##? | | ??????????????????????????????????????## """ #? | | ???????????????????????????????????????## """ #? | | ???????????????????????????????????????## """ #? | | ??????????????????????????????????????## ##? | | ??????????????????????????????????????# ##?? | | ??????????????????????????????????????# #??? | | ??????????????????????????????????????# ##?? | | ??????????????????????????????????????## #?? | | ???????????????????????????????????????## #?? | | ????????????????????????????????????????# #?? | | ????????????????????????????????????????## ##? | | ?????????????????????????????????????????# ## | | ?????????????????????????????????????????# | | ?????????????????????????????????????????## | | ??????????????????????????????????????????##### | +----------------------------------------------------+ Best States ------------- Heat Dissipation 25 Energy Generation 12 Energy Capacity 265 Matter Stores 300 Matter Capacity 300 Sight Range 16 Terrain Scan Density 10 Armor Coverage 225 Core Shielding 20 Evasion (%) 40 Recoil Reduction 2 Item Schematics ----------------- None Robot Schematics ------------------ None Fabricated ------------ Nothing Alien Tech Used ----------------- None Achievements -------------- None Challenges ------------ None Game ------ Seed StormCompositeScanner Manual? 0 Play Time 00:19:07 Cumulative 6.1 hours Start 2024.05.29 @ 22:03:03 End 2024.05.29 @ 22:25:53 Sessions 1 Manual Loads 0 Difficulty Rogue Special Mode None Game No. 14 Rogue 14 Adventurer 0 Explorer 0 Win Type - Total 0 Types 0/0/0/0/0/0/0/0/0 Lore% 11 Gallery% 11 Achievement% 16 Wizard Run 0 Options --------- Layout 1 ASCII 0 Keyboard 0 Movement Mouse Keybinds 0 Fullscreen 2 Font 32/Cog Map View 50x35 Zoom Use 0% Tactical HUD 0 Map Filters NONE Filters NONE Steam 1 RUN: ea174c86-bd55-4258-82ca-7bee3681a4dc